n, neutral female scurrid Tourist ----------- |........@| |.......q.| |.........| |.........| --------+-- n the Rambler Experience level: 1 Strength: 11 Dexterity: 12 Constitution: 14 Intelligence: 14 Wisdom: 8 Charisma: 16 Health: 0(9) Energy: 2(2) Def: 0 Gold: 99 Moves: 86 Dungeon seed: dVtdSmBp3vJb5PSf Game ID: n_1528522361 Your Inventory: Coins $ - 99 gold pieces Weapons a - 35 uncursed +2 darts (in quiver) Armor e - an uncursed +0 Hawaiian shirt (being worn) Comestibles b - 4 uncursed food rations c - 2 uncursed tripe rations d - 2 uncursed eggs f - an uncursed candy bar g - an uncursed cram ration h - an uncursed tin of lichen Scrolls j - 2 uncursed scrolls of magic mapping k - 2 blessed scrolls of magic mapping Potions i - 2 uncursed potions of extra healing Wands n - an uncursed wand of secret door detection (0:11) Tools l - an uncursed expensive camera (0:64) m - an uncursed credit card o - an uncursed leash Spells and supernatural/magical abilities: Name Level Category Fail Memory W - pray for help -- divine ? -- Your skills at the end: Miscellaneous Skills wands [Basic] Weapon Skills dart [Basic] Spellcasting Skills Final Attributes: You were devoutly aligned. Your writing paw was ok. You had infravision. You were very stealthy. You are dead. Voluntary challenges: You went without food. You did not adorn yourself with jewelry or accessories. You did not cause conflict. You were not invisible. You did not have reflection. You were not displaced. You were an atheist. You never hit with a wielded weapon. You were a pacifist. You did not use tools. You did not use plumbed fixtures. You did not drink any magical draughts. You read items or engraved 1 time, starting on turn 82. You never genocided any monsters. You never polymorphed an object. You never changed form. You used no wishes. You never split a pudding. You wrote Elbereth's name 1 time, starting on turn 82. You never violated your personal moral code. Dungeon overview: The Dungeons of Doom: levels 1 to 12 Level 1 a long staircase Level 2 a sink Level 3 Level 4 Level 5 Level 6 Level 7 Level 8 Level 9 many fountains Level 10 a long staircase Level 11 Level 12 <- You were here History has recorded: On T:1 you entered the Dungeons of Doom to retrieve the Amulet of Yendor! On T:8 you reached level 2 of The Dungeons of Doom. On T:14 you reached level 3 of The Dungeons of Doom. On T:21 you reached level 4 of The Dungeons of Doom. On T:27 you reached level 5 of The Dungeons of Doom. On T:34 you reached level 6 of The Dungeons of Doom. On T:40 you reached level 7 of The Dungeons of Doom. On T:45 you reached level 8 of The Dungeons of Doom. On T:61 you reached level 9 of The Dungeons of Doom. On T:67 you reached level 10 of The Dungeons of Doom. On T:73 you reached level 11 of The Dungeons of Doom. On T:82 you reached level 12 of The Dungeons of Doom. Score breakdown: Gold: 0 ( 0 points) Experience: 1 level ( 0 points) Exploration: 12 levels ( 330 points) Discoveries: 0 items ( 0 points) Variety of kills: 0 monsters ( 0 points) Major goal: (nothing yet) ( 0 points) Survival: died (score multiplied by 3) Total score: 990 Latest messages: You dig a hole through the floor. You fall through... You start digging downward. You continue digging downward. You dig a pit in the floor. You continue digging downward. (6x) You dig a hole through the floor. You fall through... You start digging downward. You continue digging downward. You dig a pit in the ground. You continue digging downward. (6x) You dig a hole through the ground. You fall through... You write in the dust with your fingers. You start digging downward. The rothe turns to flee! (3x) You continue digging downward. You dig a pit in the floor. You continue digging downward. (3x) The rothe claws you! The rothe bites! (2x) You die... Final status: Aloha n the Tourist, killed by a rothe... You died in The Dungeons of Doom on dungeon level 12 with 990 points, and 99 pieces of gold, after 86 moves. You were level 1 with a maximum of 9 hit points when you died.